 Dungeon Crawl Stone Soup version 0.19.1-1-g22dce08 (webtiles) character file.

1349 Joat the Chopper (level 8, -1/61 HPs)
             Began as a Demonspawn Fighter on Jan 16, 2017.
             Was an Initiate of Makhleb.
             Slain by a phantom (5 damage)
             ... on level 6 of the Dungeon.
             The game lasted 00:25:14 (5433 turns).

Joat the Chopper (Demonspawn Fighter)               Turns: 5433, Time: 00:25:14

Health: -1/61      AC:  7    Str: 23    XL:     8   Next: 36%
Magic:  8/8        EV:  9    Int: 10    God:    Makhleb [......]
Gold:   314        SH: 10    Dex: 13    Spells: 0 memorised, 7 levels left

rFire  . . .     SeeInvis +     a - +0 war axe
rCold  . . .     Gourm    .     C - +0 ring mail {MR+}
rNeg   . . .     Faith    .     c - +0 shield
rPois  .         Spirit   .     (helmet restricted)
rElec  .         Reflect  .     v - +0 cloak (curse)
rCorr  +         Harm     .     (no gloves)
MR     +....                    (no boots)
Stlth  +.........               (no amulet)
                                x - ring of see invisible
                                I - ring of resist corrosion

@: mighty
A: horns 2, powered by pain 2, spiny 1
a: Renounce Religion


You were on level 6 of the Dungeon.
You worshipped Makhleb.
Makhleb was noncommittal.
You were very hungry.

You visited 2 branches of the dungeon, and saw 7 of its levels.

You collected 314 gold pieces.

Inventory:

Hand Weapons
 a - a +0 war axe (weapon)
Missiles
 u - 2 curare-tipped needles
 y - 6 javelins (quivered)
Armour
 b - a +0 scale mail
 c - a +0 shield (worn)
 q - a +0 plate armour
 v - a cursed +0 cloak (worn)
 C - a +0 ring mail of magic resistance (worn)
Jewellery
 n - an uncursed ring of fire
 x - a ring of see invisible (right hand)
 I - a ring of resist corrosion (left hand)
Wands
 F - a wand of enslavement (9/24)
 H - a wand of iceblast (2/15)
Scrolls
 e - 2 scrolls of enchant armour {unknown}
 g - 4 scrolls of identify {unknown}
 i - 2 scrolls of fear {unknown}
 j - 2 scrolls of teleportation {unknown}
 k - a scroll of enchant weapon {unknown}
 p - a scroll of blinking {unknown}
 s - 2 scrolls of noise {unknown}
 t - a scroll of amnesia {unknown}
 w - 2 scrolls of recharging {unknown}
Potions
 d - a potion of might
 h - 2 potions of curing
 l - 2 potions of degeneration {unknown}
 o - 3 potions of mutation {unknown}
 B - a potion of invisibility {unknown}
 E - 3 potions of heal wounds
 G - a potion of berserk rage {unknown}
Comestibles
 f - 3 bread rations
 m - 3 fruits
 r - 3 meat rations
 z - a slice of pizza
 A - 3 beef jerkies
 D - 2 royal jellies


   Skills:
 + Level 4.5 Fighting
 + Level 6.7 Axes
 + Level 4.3 Armour
 - Level 0.6 Dodging
 + Level 5.3 Shields
 - Level 1.1 Evocations


You had 7 spell levels left.
You didn't know any spells.

Dungeon Overview and Level Annotations

Branches:
Dungeon (6/15)             Temple (1/1) D:4

Altars:
Ashenzari
Cheibriados
Dithmenos
Elyvilon
Gozag
Kikubaaqudgha
Makhleb
Nemelex Xobeh
Okawaru
Qazlal
Ru
Sif Muna
Trog
Uskayaw
Xom
Yredelemnul
Zin
The Shining One

Shops:
D:4 [   D:6 ?


Innate Abilities, Weirdness & Mutations

You have a pair of horns on your head.
You sometimes gain power by taking damage.
You are partially covered in sharp spines.


Message History

The phantom is struck by your spines. The phantom closely misses you.
The gargoyle closely misses you.
The worker ant zombie is struck by your spines.
You destroy the worker ant zombie!
Makhleb accepts your kill.
You hit the gargoyle but do no damage.
The gargoyle is almost destroyed.
You slash the phantom! The phantom is struck by your spines.
The phantom hits you.
* * * LOW HITPOINT WARNING * * *
The gargoyle hurls a stone arrow at you.
The stone arrow misses you.
You hit the gargoyle but do no damage.
The gargoyle is almost destroyed.
You hit the phantom. You slash the wight! You block the wight's attack.
The phantom hits you.
* * * LOW HITPOINT WARNING * * *
The gargoyle hurls a stone arrow at you.
The stone arrow misses you. The phantom hits you.
You die...

###.....##..............##.....##
.......#....#..........#.......
..............#................
.#..........................#.##
...?................#.#
$.............##..#...#
...)..............#.###
..............#...###
#......@≈≈≈........#
##....z9W≈≈≈........#
#....z..∩≈≈.....#...
.......≈≈≈≈≈........#
.)##..z.≈≈≈.........# .
#........####.#... ...........
.... .##(..(.##.. ....... ..#


You could see a phantom, a gargoyle and 3 wights.

Vanquished Creatures
  The ghost of Paps the Shield-Bearer, a novice GrFi of Qazlal (D:5)
  2 ice beasts
  A black bear (D:4)
  A phantom (D:3)
  A centaur (D:5)
  Blork the orc (D:6)
  A hound (D:6)
  An iguana (D:5)
  Natasha (thrice) (D:4)
  2 orc wizards (D:6)
  2 worker ants
  Robin (D:4)
  A worker ant zombie (D:6)
  3 gnolls (D:3)
  9 adders
  A howler monkey skeleton (D:4)
  An ooze (D:3)
  An adder skeleton (D:6)
  A worm (D:2)
  3 dart slugs
  7 leopard geckos
  14 orcs
  4 bats
  4 giant cockroaches
  12 goblins
  15 hobgoblins
  4 jackals (D:4)
  5 kobolds
  5 quokkas
  2 ball pythons
  7 frilled lizards
  9 rats
125 creatures vanquished.

Notes
Turn   | Place    | Note
-------+----------+-------------------------------------------
     0 | D:1      | Joat the Demonspawn Fighter began the quest for the Orb.
     0 | D:1      | Reached XP level 1. HP: 18/18 MP: 1/1
   370 | D:1      | Reached skill level 2 in Axes
   373 | D:1      | Gained mutation: You sometimes gain a little power by taking damage. [demonic ancestry]
   373 | D:1      | Reached XP level 2. HP: 22/24 MP: 2/2
  1449 | D:2      | Reached XP level 3. HP: 29/29 MP: 3/3
  1531 | D:2      | Found a bloodstained altar of Trog.
  1574 | D:2      | Found a faded altar of an unknown god.
  1973 | D:2      | Reached XP level 4. HP: 35/35 MP: 4/4
  1995 | D:2      | Reached skill level 3 in Axes
  2544 | D:3      | Noticed a phantom
  2597 | D:3      | Killed a phantom
  2597 | D:3      | Gained mutation: You are partially covered in sharp spines. [demonic ancestry]
  2597 | D:3      | Reached XP level 5. HP: 18/41 MP: 5/5
  3452 | D:4      | Found a white marble altar of Elyvilon.
  3509 | D:4      | Gained mutation: You sometimes gain power by taking damage. [demonic ancestry]
  3509 | D:4      | Reached XP level 6. HP: 43/47 MP: 6/6
  3557 | D:4      | Found Ucel Faaty's Armour Shop.
  3605 | D:4      | Noticed Robin
  3611 | D:4      | Reached skill level 4 in Axes
  3620 | D:4      | Killed Robin
  3753 | D:4      | Noticed Natasha
  3761 | D:4      | Killed Natasha
  3883 | D:4      | Noticed Natasha
  3892 | D:4      | Killed Natasha
  3921 | D:4      | Found a staircase to the Ecumenical Temple.
  3922 | D:4      | Noticed Natasha
  3930 | D:4      | Killed Natasha
  3953 | Temple   | Entered the Ecumenical Temple
  3976 | Temple   | Became a worshipper of Makhleb the Destroyer
  4246 | D:5      | Entered Level 5 of the Dungeon
  4320 | D:5      | Noticed an ice beast
  4324 | D:5      | Killed an ice beast
  4324 | D:5      | Reached skill level 5 in Axes
  4324 | D:5      | Gained mutation: You have a pair of small horns on your head. [demonic ancestry]
  4324 | D:5      | Reached XP level 7. HP: 53/53 MP: 7/7
  4402 | D:5      | Noticed Paps's ghost (novice GrFi)
  4405 | D:5      | Killed Paps's ghost
  4405 | D:5      | Reached skill level 6 in Axes
  4405 | D:5      | Reached skill level 1 in Evocations
  4405 | D:5      | Gained mutation: You have a pair of horns on your head. [demonic ancestry]
  4405 | D:5      | Reached XP level 8. HP: 45/60 MP: 8/8
  5020 | D:6      | Found a shadowy altar of Dithmenos.
  5020 | D:6      | Noticed Blork the orc
  5029 | D:6      | Killed Blork the orc
  5029 | D:6      | Reached skill level 5 in Shields
  5357 | D:6      | Found a white marble altar of Elyvilon.
  5394 | D:6      | Found Hituph's Magic Scroll Emporium.
  5419 | D:6      | Noticed a gargoyle
  5433 | D:6      | Slain by a phantom

Skill      XL: |  1  2  3  4  5  6  7  8 |
---------------+-------------------------+-----
Axes           | 2 3 5 6 |  6.7
Shields        | 3 4 5 |  5.3
Armour         | 3 4 |  4.3
Fighting       | 4 |  4.5
Evocations     | 1 |  1.1
Dodging        | |  0.6

Action                   |  1- 3 |  4- 6 |  7- 9 || total
-------------------------+-------+-------+-------++-------
Melee: War axe           |   151 |   185 |    53 ||   389
       Headbutt          |       |       |    12 ||    12
Throw: Javelin           |       |    11 |    11 ||    22
Evoke: Wand              |       |     2 |     4 ||     6
  Eat: Chunk             |     4 |     7 |     3 ||    14
Armor: Scale mail        |    78 |     2 |       ||    80
       Plate armour      |       |   108 |       ||   108
       Ring mail         |       |       |    15 ||    15
Dodge: Dodged            |    47 |    33 |    19 ||    99
Block: Shield            |    80 |   117 |    29 ||   226
